 Dungeon Crawl Stone Soup version 0.14-a0-3134-g2c86dbf (webtiles) character file.

383 Quh the Ruinous (level 5, -4/28 HPs)
             Began as a Deep Elf Conjurer on Mar 8, 2014.
             Killed from afar by Duvessa (8 damage)
             ... with a wand of magic darts
             ... on Level 4 of the Dungeon.
             The game lasted 00:14:22 (2314 turns).

Quh the Ruinous (Deep Elf Conjurer)                 Turns: 2314, Time: 00:14:22

HP  -4/28        AC  3     Str  6      XL: 5   Next: 89%
MP  22/25        EV 13     Int 20      God:
Gold 131         SH  0     Dex 15      Spells:  2 memorised,  7 levels left

rFire  . . .     SeeInvis .     t - +3,+2 quarterstaff (chaos)
rCold  . . .     Clarity  .     a - +0 robe
rNeg   . . .     Conserve .     (no shield)
rPois  .         rCorr    .     (no helmet)
rElec  .         rRot     .     z - +0 cloak
SustAb . .       Spirit   .     (no gloves)
rMut   .         Warding  .     (no boots)
Saprov . . .     Stasis   .     (no amulet)
MR     .....                    w - ring of sustenance
                                e - ring of magical power

@: not resistant to hostile enchantments, fairly stealthy
A: no striking features
a: no special abilities


You were on level 4 of the Dungeon.
You were not hungry.

You visited 1 branch of the dungeon, and saw 4 of its levels.

You collected 131 gold pieces.

Inventory:

Hand weapons
 t - a +3,+2 quarterstaff of chaos (weapon)
 y - a cursed -3,+0 short sword
Armour
 a - a +0 robe (worn)
 z - a +0 cloak (worn)
Comestibles
 b - a bread ration
 d - a rotting chunk of adder flesh
 g - a slice of pizza
 j - 2 meat rations
 l - a pear
 m - a choko
 o - 5 chunks of ogre flesh
Scrolls
 f - a scroll of magic mapping
 i - 2 scrolls of amnesia
 n - a scroll of recharging
 p - a scroll of teleportation {unknown}
 r - a scroll of fog {unknown}
 s - 2 scrolls of enchant armour
 u - a scroll of identify
 x - a scroll of fear {unknown}
Jewellery
 e - a ring of magical power (left hand)
 q - an uncursed ring of fire
 w - a ring of sustenance (right hand)
Potions
 h - a potion of curing
 k - a potion of restore abilities
 v - a potion of magic
Books
 c - a book of Conjurations

   Spells                             Type                      Level
   *Magic Dart                        Conjuration                  1
   *Searing Ray                       Conjuration                  2
   Dazzling Spray                     Conjuration/Hexes            3
   Fulminant Prism                    Conjuration/Hexes            4
   Iskenderun's Mystic Blast          Conjuration                  4
   Iskenderun's Battlesphere          Conjuration/Charms           5


   Skills:
 - Level 2.4 Dodging
 - Level 2.4 Stealth
 - Level 3.0 Spellcasting
 * Level 7.9 Conjurations


You had 7 spell levels left.
You knew the following spells:

 Your Spells              Type           Power        Failure   Level  Hunger
a - Magic Dart            Conj           ####         1%          1    None
b - Searing Ray           Conj           ####..       1%          2    ##.....


Dungeon Overview and Level Annotations

Branches:
Dungeon (4/16)
 Temple: D:4-7

Altars:
Okawaru
Yredelemnul

Annotations:
D:4 Dowan, Duvessa


Message History

Duvessa zaps a wand.
The magic dart hits you!
Casting: Magic Dart
Confirm with . or Enter, or press ? or * to list all spells.
Aiming: Magic Dart
Press: ? - help, Shift-Dir - straight line, f/p - Duvessa
Aim: Duvessa, wielding a cutlass and carrying a wand of magic darts {zapped: 3} (moderately wounded)
The magic dart hits Dowan.
Dowan is moderately wounded.
Dowan smirks and points a slender finger.
Duvessa zaps a wand.
The magic dart hits you!
* * * LOW HITPOINT WARNING * * *
Casting: Magic Dart
Confirm with . or Enter, or press ? or * to list all spells.
Aiming: Magic Dart
Press: ? - help, Shift-Dir - straight line, f/p - Duvessa
Aim: Duvessa, wielding a cutlass and carrying a wand of magic darts {zapped: 4} (moderately wounded)
The magic dart hits Duvessa.
Duvessa is moderately wounded.
Duvessa zaps a wand.
The magic dart hits you!
You die...

. #+ . .. ##.
##.### ## #..
....... .# #.#
..e.... .# #.#
..e.>.. .#
#.#######........
.#
##.....@..e!......
.#
#...######........
.#########..##
.!.$...
.'..........#
#######
.##########.# ##
#.# # #.# #
###.##### ###
#.......#


You could see Duvessa and Dowan.

Vanquished Creatures
  An ogre (D:4)
  Crazy Yiuf (D:3)
  6 adders
  A giant mite (D:1)
  A worm (D:3)
  4 giant geckos
  An ooze (D:2)
  7 bats
  2 giant cockroaches (D:1)
  10 hobgoblins
  3 jackals (D:3)
  8 kobolds
  A ball python (D:1)
  6 giant newts
  6 goblins
  5 rats
63 creatures vanquished.

Notes
Turn   | Place    | Note
--------------------------------------------------------------
     0 | D:1      | Quh, the Deep Elf Conjurer, began the quest for the Orb.
     0 | D:1      | Reached XP level 1. HP: 10/10 MP: 5/5
   137 | D:1      | Reached XP level 2. HP: 13/15 MP: 3/8
   141 | D:1      | Learned a level 2 spell: Searing Ray
   280 | D:1      | Reached skill level 5 in Conjurations
   774 | D:2      | Reached XP level 3. HP: 19/19 MP: 6/10
   809 | D:2      | Found a basalt altar of Yredelemnul.
  1243 | D:2      | Reached skill level 6 in Conjurations
  1379 | D:2      | Reached XP level 4. HP: 24/24 MP: 13/13
  1389 | D:3      | Found an iron altar of Okawaru.
  1827 | D:3      | Noticed Crazy Yiuf
  1833 | D:3      | Killed Crazy Yiuf
  1833 | D:3      | Reached skill level 7 in Conjurations
  1833 | D:3      | Reached XP level 5. HP: 21/28 MP: 11/16
  2085 | D:4      | Noticed an ogre
  2104 | D:4      | Killed an ogre
  2307 | D:4      | Noticed Duvessa
  2308 | D:4      | Noticed Dowan
  2314 | D:4      | Killed from afar by Duvessa

Action                   |  1- 3 |  4- 6 || total
-------------------------+-------+-------++-------
 Cast: Magic Dart        |    67 |    38 ||   105
       Searing Ray       |    11 |    23 ||    34
  Use: Scroll            |     8 |     4 ||    12
